 Dungeon Crawl Stone Soup version 0.29.1 (webtiles) character file.

Game seed: 15190670794556133612

256 Icepheonix32 the Trooper (level 5, -1/48 HPs)
             Began as a Minotaur Fighter on Sept 13, 2022.
             Killed from afar by an orc wizard (5 damage)
             ... with a puff of flame
             ... on level 4 of the Dungeon.
             The game lasted 00:03:31 (3215 turns).

Icepheonix32 the Trooper (Minotaur Fighter)         Turns: 3215, Time: 00:03:31

Health: -1/48      AC:  8    Str: 23    XL:     5   Next: 92%
Magic:  4/4        EV:  9    Int:  5    God:
Gold:   61         SH:  4    Dex:  9    Spells: 4/4 levels left

rFire   . . .      SeeInvis .   a - +0 war axe
rCold   . . .      Faith    .   c - +0 buckler
rNeg    . . .      Spirit   .   b - +0 scale mail
rPois   .          Reflect  .   (helmet restricted)
rElec   .          Harm     .   (no cloak)
rCorr   .          Rampage  .   j - +0 pair of gloves
Will    .....                   (no boots)
Stlth   ..........              (no amulet)
HPRegen 0.16/turn               (no ring)
MPRegen 0.09/turn               (no ring)

@: no status effects
A: horns 2, retaliatory headbutt
a: no special abilities


You were on level 4 of the Dungeon.
You visited 1 branch of the dungeon, and saw 4 of its levels.

You collected 223 gold pieces.
You spent 162 gold pieces at shops.

Inventory:

Hand Weapons
 a - a +0 war axe (weapon)
Missiles
 n - 4 curare-tipped darts (quivered)
Armour
 b - a +0 scale mail (worn)
 c - a +0 buckler (worn)
 j - a +0 pair of gloves (worn)
 r - a +0 chain mail
Scrolls
 d - a scroll of acquirement {unknown}
 g - 7 scrolls of identify
 h - 2 scrolls of fear {unknown}
 i - 2 scrolls of vulnerability {unknown}
 k - 2 scrolls of enchant armour {unknown}
 l - a scroll of amnesia {unknown}
 p - 2 scrolls of brand weapon
 q - a scroll of enchant weapon {unknown}
Potions
 e - 3 potions of curing
 f - 3 potions of brilliance {unknown}
 m - a potion of lignification {unknown}
 o - a potion of haste {unknown}


   Skills:
 * Level 5.5 Fighting
 + Level 4.8 Axes
 + Level 4.4 Armour
 + Level 1.4 Dodging
 + Level 4.3 Shields


You had 4 spell levels left.
You didn't know any spells.
Your spell library contained the following spells:

 Spells                   Type           Power      Damage    Failure   Level
 Apportation              Tloc           0%         N/A       86%         1
 Necrotise                Necr           0%         1d4       86%         1
 Summon Small Mammal      Summ           0%         N/A       86%         1
 Portal Projectile        Hex/Tloc       0%         N/A       99%         3
 Tukima's Dance           Hex            0%         N/A       99%         3
 Blade Hands              Tmut           0%         N/A       100%        5


Dungeon Overview and Level Annotations

Branches:
Dungeon (4/15)
 Temple: D:4-7

Altars:

Shops:
D:2 ?


Innate Abilities, Weirdness & Mutations

You have a pair of horns on your head.
You reflexively headbutt those who attack you in melee.


Message History

You feel sick. You block the orc's attack. Something hits you.
* * * LOW HITPOINT WARNING * * *
Items here: )) [ †.
Unknown command.
You hit the orc.
The orc is lightly wounded.
You closely miss something.
You feel sick. You block the orc's attack.
You hear some strange, mumbled words.
A magic dart appears from out of thin air!
The magic dart hits you.
* * * LOW HITPOINT WARNING * * *
It was a potion of curing.
You feel better. You block the orc's attack.
Something hits you but does no damage.
You closely miss something. You hit the orc.
The orc hits you with a +0 trident.
* * * LOW HITPOINT WARNING * * *
Something hits you but does no damage.
Unknown command.
You barely miss the orc.
The orc is heavily wounded.
You closely miss something. The orc hits you but does no damage.
You hear some strange, mumbled words.
Something tries to affect you, but you resist.
Something hits you.
* * * LOW HITPOINT WARNING * * *
You block the orc's attack.
You barely miss the orc.
The orc is heavily wounded.
You barely miss something. The orc hits you with a +0 trident.
* * * LOW HITPOINT WARNING * * *
You hear some strange, mumbled words.
Something tries to affect you, but you resist.
Unknown command.
You closely miss the orc. Your headbutt misses the orc.
The orc is heavily wounded.
You closely miss something. You block the orc's attack.
You hear some strange, mumbled words.
A puff of flame appears from out of thin air!
The puff of flame hits you.
You die...

#.... #.... .......
#####+#### ###....
.........# ...# #....
.........+ ..(.# #....
.........###....# #....
.......o...#....# #....
....^..@{###....####....
...........?[.....# ####
..................# #..
...............[..# #..
.............##### #..
.........#...# #..
.........#...# #..
.........#...# #..
.........#...# ###


You could see an orc.

Vanquished Creatures
  A bullfrog (D:4)
  A hound (D:2)
  Jessica (D:3)
  Robin (D:2)
  4 adders
  4 worms
  5 orcs
  6 bats
  7 endoplasms
  3 giant cockroaches
  17 goblins
  6 hobgoblins
  3 jackals (D:2)
  4 ball pythons
  2 frilled lizards (D:1)
  4 kobolds
  4 rats
73 creatures vanquished.

Notes
Turn   | Place    | Note
-------+----------+-------------------------------------------
     0 | D:1      | Icepheonix32 the Minotaur Fighter began the quest for the
                  | Orb.
     0 | D:1      | Reached XP level 1. HP: 19/19 MP: 0/0
    43 | D:1      | Reached skill level 4 in Fighting
   359 | D:1      | Reached XP level 2. HP: 25/27 MP: 1/1
  1115 | D:2      | Found Iraoj's Magic Scroll Boutique.
  1145 | D:2      | Bought a scroll of identify for 26 gold pieces
  1145 | D:2      | Bought a scroll of noise for 13 gold pieces
  1209 | D:2      | Found a faded altar of an unknown god.
  1251 | D:2      | Reached XP level 3. HP: 34/34 MP: 2/2
  1424 | D:2      | Reached XP level 4. HP: 39/41 MP: 3/3
  1442 | D:2      | Noticed Robin
  1467 | D:2      | Killed Robin
  2226 | D:3      | Noticed Jessica
  2232 | D:3      | Killed Jessica
  2233 | D:3      | Reached skill level 5 in Fighting
  2233 | D:3      | Reached XP level 5. HP: 27/48 MP: 4/4
  2510 | D:3      | Reached skill level 1 in Dodging
  2965 | D:2      | Bought a scroll of brand weapon for 123 gold pieces
  3215 | D:4      | Killed from afar by an orc wizard

Illustrated notes

Levels and vault maps discovered:
D:1:      amcnicky_arrival_underground_garden, layout_basic,
          grunt_decor_clamped, ebering_dispersal_statue_hall
D:2:      layout_basic, serial_shops, shop,
          ebering_ecumenical_altar_sacrificial, uniq_robin
D:3:      layout_basic, serial_curves, eino_curves_01, eino_curves_04,
          skrybe_limestone_x, uniq_jessica
D:4:      layout_basic

Skill      XL: |  1  2  3  4  5 |
---------------+----------------+-----
Fighting       | 4 5 |  5.5
Shields        | 4 |  4.3
Axes           | 3 4 |  4.8
Armour         | 4 |  4.4
Dodging        | 1 |  1.4

Action                   |  1- 3 |  4- 6 || total
-------------------------+-------+-------++-------
Melee: War axe           |    61 |    76 ||   137
       Headbutt          |     7 |    12 ||    19
  Use: Potion            |       |     2 ||     2
Armor: Scale mail        |    39 |    41 ||    80
Dodge: Dodged            |    31 |    40 ||    71
Block: Buckler           |    16 |    18 ||    34
